Map: Neon Violet Square LE

Players

SLYJED

  • Race: Terran Terran
  • League: Silver
  • Spawn Location: 5:00

WeAreLegion - Winner!

  • Race: Terran Terran
  • League: Silver
  • Spawn Location: 11:00

VOD

Have the link to the VOD?

Description

Time

  • Played on: Dec. 7, 2024, 9:04 p.m.
  • Length: 17:43
Show
View Real Time Build Order
Export as new Build Order

SLYJED Terran 

Build Orders:  

Get SALT Encoding   

  12  0:12  Supply Depot  
  12  0:21  Refinery  
  12  0:37  Barracks  
  12  0:38  SCV  
  13  0:50  SCV  
  14  1:02  SCV  
  15  1:14  SCV  
  16  1:25  Supply Depot  
  16  1:26  Barracks Tech Lab, SCV  
  17  1:38  SCV  
  18  1:49  Factory  
  18  1:50  SCV  
  18  1:51  Marine  
  20  2:03  SCV  
  21  2:09  Marine  
  21  2:11  Refinery  
  21  2:15  Orbital Command  
  22  2:34  Marine  
  22  2:36  Factory Tech Lab  
  23  2:45  Starport  
  24  2:51  SCV  
  24  2:52  Marine  
  24  2:57  Supply Depot  
  25  3:03  SCV  
  26  3:10  Marine  
  27  3:15  SCV, Cyclone  
  31  3:20  Supply Depot  
  31  3:23  Starport Tech Lab  
  31  3:31  Starport Tech Lab  
  31  3:44  SCV  
  31  3:47  Command Center  
  32  3:53  Siege Tank  
  35  3:56  SCV  
  35  3:58  Medivac  
  35  4:01  Marine  
  39  4:08  SCV  
  40  4:19  Marine  
  40  4:21  SCV  
  42  4:28  Medivac  
  44  4:33  Supply Depot, SCV  
  44  4:37  Marine  
  46  4:45  SCV  
  47  4:55  Siege Tank, Marine  
  51  5:02  Orbital Command  
  51  5:03  SCV, Refinery  
  52  5:13  Marine  
  53  5:15  SCV  
  54  5:27  Siege Tank, Refinery, SCV  
  58  5:31  Marauder  
  60  5:37  Supply Depot  
  60  5:39  SCV  
  61  5:48  SCV  
  62  5:52  Marauder  
  64  6:00  SCV  
  65  6:09  Armory  
  65  6:14  Marauder  
  65  6:15  Engineering Bay, Stimpack  
  67  6:31  SCV  
  68  6:35  Marauder  
  70  6:40  SCV  
  71  6:47  Siege Tank  
  71  6:52  SCV  
  75  6:55  Barracks  
  75  6:56  Marine  
  76  7:04  SCV  
  76  7:07  Command Center  
  77  7:10  Barracks  
  77  7:14  Marine  
  78  7:17  Terran Infantry Weapons Level 1  
  78  7:29  Refinery  
  78  7:38  Supply Depot  
  78  7:41  Supply Depot  
  78  7:45  Supply Depot  
  78  7:55  Combat Shield, Refinery  
  78  7:57  Barracks Reactor  
  78  7:58  Barracks Tech Lab  
  78  8:00  SCV x2, Marine, Siege Tank  
  78  8:02  Supply Depot  
  84  8:12  SCV x2  
  86  8:18  Marine, Factory  
  87  8:30  Sensor Tower  
  87  8:32  Siege Tank  
  90  8:47  Marine, Marauder x2  
  95  8:48  Marine  
  95  8:52  SCV  
  97  9:00  Orbital Command, Sensor Tower  
  97  9:04  Siege Tank  
  97  9:05  Marine  
  97  9:09  Marauder x2  
  105  9:11  Terran Infantry Armor Level 1, Sensor Tower  
  105  9:14  Concussive Shells  
  105  9:27  Marine  
  105  9:28  Marine  
  105  9:30  Marauder x2  
  111  9:33  Sensor Tower  
  111  9:36  Siege Tank  
  114  9:42  SCV  
  114  9:43  SCV x2  
  117  9:45  Marine  
  117  9:46  Marine  
  117  9:50  Factory Tech Lab  
  117  9:51  Marine x2  
  121  9:54  SCV  
  121  9:55  SCV x2, Factory  
  124  10:03  Marine  
  125  10:19  SCV, Marine  
  125  10:20  Marine x2  
  125  10:21  Siege Tank, Marine  
  87  10:37  Marine  
  87  10:40  Marauder  
  87  10:41  Marine, Marauder  
  93  10:55  Marine  
  94  10:57  Thor  
  94  10:59  Marine  
  94  11:01  Marauder  
  94  11:02  Marauder  
  105  11:04  Terran Infantry Weapons Level 2  
  105  11:06  Supply Depot  
  105  11:09  Supply Depot  
  105  11:12  Supply Depot, Marine  
  105  11:16  SCV, Marine  
  108  11:23  Marine, Marauder  
  108  11:24  Smart Servos  
  111  11:28  SCV  
  111  11:30  Marine  
  111  11:32  Factory Tech Lab  
  113  11:34  Marine  
  114  11:40  SCV, Thor  
  114  11:41  Marine  
  114  11:44  Marine  
  114  11:46  Supply Depot  
  123  11:48  Marine  
  123  11:50  Supply Depot  
  123  11:52  Supply Depot, Marine  
  125  11:58  Marine  
  126  12:01  Marine  
  126  12:06  Marine  
  121  12:10  Marine  
  121  12:12  Supply Depot  
  104  12:16  Supply Depot  
  104  12:17  Marauder  
  104  12:20  Marauder, Medivac  
  110  12:23  Thor  
  110  12:24  Marine  
  117  12:38  Marine  
  117  12:41  Marauder  
  120  12:50  Medivac  
  122  12:56  Marauder  
  112  13:03  Marauder  
  109  13:06  Siege Tank  
  112  13:15  Thor, Cyclone  
  112  13:18  Marine  
  112  13:19  Marauder  
  124  13:20  Marine, Terran Infantry Armor Level 2, Medivac  
  127  13:38  Siege Tank  
  130  13:47  Siege Tank  
  133  13:50  Medivac  
  135  13:58  Thor  
  128  14:10  Siege Tank  
  105  14:19  Thor  
  105  14:20  Medivac  
  100  14:31  Marine, Marauder  
  100  14:32  Marine, Marauder  
  106  14:41  Siege Tank  
  106  14:42  Thor  
  115  14:49  Marine x2  
  115  14:52  Marine x2  
  119  15:02  Siege Tank  
  122  15:07  Marine x2  
  122  15:10  Marine x2  
  122  15:12  Thor  
  126  15:25  Siege Tank, Marine x2  
  126  15:28  Marine x2  
  113  15:34  Siege Tank  
  116  15:42  Marine  
  116  15:43  Marine  
  116  15:46  Marine x2  
  120  15:55  Thor  
  126  16:00  Marine  
  126  16:01  Marine  
  130  16:04  Marauder x2  
  132  16:18  Marine  
  132  16:19  Marine  
  132  16:25  Marine x2  
  119  16:36  Marine x2  
  116  16:43  Marauder x2  
  107  16:54  Marine x2  
  78  17:04  Marine x2  
  77  17:11  Marine  
  77  17:12  Marine  
  76  17:22  Marine x2  
Show
View Real Time Build Order
Export as new Build Order

WeAreLegion Terran - Winner!

Build Orders: Reaper Expand 

Get SALT Encoding   

  12  0:00  SCV  
  13  0:12  SCV  
  14  0:19  Supply Depot  
  14  0:30  SCV  
  15  0:42  SCV  
  16  0:44  Barracks  
  16  0:47  Refinery  
  16  0:56  SCV  
  17  1:08  SCV  
  18  1:20  SCV  
  19  1:32  Orbital Command  
  19  1:34  Reaper  
  20  1:48  Command Center  
  20  1:57  Supply Depot  
  20  1:58  SCV  
  21  2:12  SCV  
  22  2:18  Factory  
  22  2:24  SCV  
  23  2:36  SCV  
  24  2:38  Barracks Reactor  
  24  2:44  Refinery  
  24  2:48  SCV  
  25  3:04  Starport  
  25  3:09  SCV  
  26  3:17  Orbital Command  
  26  3:19  Widow Mine  
  28  3:20  Marine x2  
  28  3:23  SCV  
  31  3:35  SCV  
  31  3:37  Marine  
  31  3:38  Marine  
  34  3:42  Widow Mine  
  34  3:43  Medivac  
  34  3:47  SCV  
  39  3:50  Barracks  
  39  3:55  Barracks  
  39  4:00  Supply Depot  
  39  4:03  SCV x2  
  39  4:05  Marine x2  
  39  4:07  Factory Tech Lab  
  43  4:15  SCV  
  43  4:16  SCV  
  45  4:20  Engineering Bay  
  45  4:27  SCV  
  45  4:29  SCV  
  45  4:30  Supply Depot  
  47  4:32  Supply Depot  
  47  4:33  Marine x2  
  47  4:34  Widow Mine  
  51  4:39  SCV  
  51  4:41  SCV  
  53  4:51  SCV  
  53  4:52  Barracks Tech Lab, Barracks Reactor  
  54  4:55  Marine x2  
  54  4:56  SCV  
  57  5:00  Refinery  
  57  5:01  Siege Tank  
  57  5:03  SCV  
  61  5:08  SCV  
  61  5:13  Marine x2, Stimpack  
  64  5:15  SCV  
  64  5:20  SCV  
  66  5:28  SCV  
  67  5:30  Marine  
  67  5:31  Command Center  
  68  5:46  Refinery  
  68  5:50  Barracks  
  68  5:51  Terran Infantry Weapons Level 1  
  68  5:52  Barracks  
  68  5:53  Supply Depot  
  68  5:54  Supply Depot  
  68  5:56  SCV x2  
  70  6:15  SCV x2, Marine x2  
  70  6:18  Supply Depot x2  
  74  6:27  SCV x2  
  76  6:38  Starport Reactor  
  76  6:39  SCV  
  77  6:44  Starport  
  77  6:49  Barracks Tech Lab, Factory  
  77  6:50  Barracks Reactor  
  77  6:53  Combat Shield  
  77  7:03  Armory  
  77  7:10  Engineering Bay  
  77  7:13  SCV x2  
  80  7:16  Orbital Command  
  80  7:17  Marine x5  
  84  7:25  SCV x2  
  86  7:30  Siege Tank  
  86  7:34  Marine, Factory Reactor  
  86  7:35  Marine x3  
  86  7:36  Marauder  
  95  7:38  SCV x2  
  95  7:42  Medivac  
  99  7:45  Starport Tech Lab  
  99  7:48  SCV  
  99  7:50  SCV x2  
  102  7:52  Marine x3  
  102  7:53  Marine  
  102  7:57  Marauder  
  108  8:00  SCV  
  108  8:02  SCV x2  
  108  8:05  Siege Tank  
  114  8:10  Marine x3  
  117  8:20  Supply Depot x2  
  117  8:21  SCV, Marine, Medivac x2  
  117  8:22  Widow Mine  
  125  8:28  Interference Matrix  
  125  8:35  SCV x3, Marine x3  
  125  8:36  Marauder  
  133  8:41  Siege Tank, Marine  
  133  8:42  Widow Mine  
  133  8:43  Supply Depot, Widow Mine  
  133  8:45  Supply Depot, Raven  
  133  8:47  SCV x3  
  146  8:53  Marine x3  
  149  8:56  Command Center  
  149  9:05  SCV x2, Marine, Marauder  
  149  9:07  Supply Depot  
  154  9:20  Raven  
  156  9:25  Marine x4  
  156  9:26  Refinery x2  
  156  9:27  Siege Tank, Marauder  
  165  9:35  Command Center  
  165  9:40  Marine x2  
  165  9:41  Marine  
  165  9:42  Widow Mine  
  165  9:43  Marine x4  
  165  9:44  Widow Mine  
  176  9:48  Marauder  
  178  9:57  Supply Depot x2, Marine  
  178  9:59  Marauder  
  181  10:01  Terran Infantry Weapons Level 2  
  181  10:02  Terran Infantry Armor Level 1  
  181  10:07  Siege Tank  
  181  10:08  Terran Ship Weapons Level 1  
  181  10:09  Marauder  
  181  10:11  Orbital Command  
  184  10:21  Supply Depot, Marauder  
  139  10:31  Marauder  
  139  10:35  Marine x4  
  141  10:36  Marine x2  
  141  10:42  Marauder  
  149  10:47  Supply Depot  
  149  10:52  Marine  
  149  10:53  Marine  
  149  10:54  Orbital Command  
  149  10:55  SCV  
  152  11:03  Marauder  
  154  11:10  Marauder  
  156  11:22  SCV  
  156  11:23  SCV x3  
  156  11:25  Marine x5, Marauder  
  164  11:27  Widow Mine x3  
  164  11:31  Marauder  
  175  11:35  SCV  
  176  11:46  Marauder  
  178  11:48  Siege Tank, Barracks  
  178  11:49  Marine x4, Barracks  
  178  11:50  Marine  
  178  11:52  Factory  
  178  11:53  Marauder  
  187  11:54  Factory  
  187  12:08  Marauder  
  183  12:14  Marauder  
  178  12:18  Marine x3  
  178  12:20  Siege Tank  
  184  12:28  Marine  
  184  12:29  Marine x2, Marauder  
  189  12:30  Widow Mine  
  189  12:31  Widow Mine  
  189  12:35  Marauder  
  189  12:36  Marine x2  
  197  12:37  Starport  
  192  12:50  Marauder  
  189  12:52  Widow Mine x2  
  189  12:53  Siege Tank  
  189  12:57  Marauder  
  187  13:02  Marine x3  
  185  13:12  Marauder  
  187  13:13  Widow Mine  
  187  13:18  Marauder  
  191  13:25  Siege Tank  
  194  13:31  Marine x3  
  194  13:33  Marauder  
  199  13:46  Marine  
  200  13:48  Raven  
  136  14:32  Marine x2  
  136  14:33  Marine x3  
  136  14:34  Siege Tank, Marauder x2  
  136  14:35  Widow Mine x2  
  136  14:38  Marine  
  149  14:41  Liberator x3  
  159  14:45  Factory Tech Lab  
  159  14:46  Factory Reactor  
  159  14:48  Starport Tech Lab  
  159  14:50  Marine x3  
  159  14:51  Marine x2  
  164  14:55  Marauder x2  
  164  14:56  Marine  
  164  14:58  SCV  
  164  14:59  Marine x2  
  172  15:06  Siege Tank  
  175  15:08  Marine x4  
  175  15:09  Marine  
  175  15:14  Marine  
  171  15:16  Marauder x2  
  171  15:17  Marine x2  
  175  15:23  Liberator  
  175  15:24  Liberator x2  
  175  15:26  Marine x2  
  171  15:38  Marauder x2  
  171  15:39  Siege Tank  
  173  15:59  Marauder x2  
  177  16:11  Siege Tank  
  178  16:21  Marauder x2  
  173  16:43  Siege Tank  
  132  17:13  Marine x5  
  132  17:14  Marine, Marauder x2  
Tags
 
Matchup
TvT
Race
Terran
Replay Pack
December
Spawn Locations
Cross Positions
Add a new tag
Caveats
  • Supply blocks, unpowered buildings, or Contaminate may cause inaccurate times.
  • Supply counts are checked every 10 seconds.